PAAA
CALGARY LYNX @ BLOOMINGTON LONGNECKS
08/01/2032
 
TOP OF THE 1ST
Calgary Lynx batting - Pitching for Bloomington Longnecks : RHP Nassim El-Badwi
Pitching: RHP Nassim El-Badwi
Batting: RHB Dhyana Snigdha 0-0: Ball
1-0: Fly out, F7 (Flyball, 7S)
Batting: LHB Daniel García 0-0: Ball
1-0: Foul Ball, location: 2F
1-1: Swinging Strike
1-2: SINGLE (Groundball, 4MD)
Batting: LHB Michael Ward 0-0: Ball
1-0: Ball
2-0: Ball
3-0: Called Strike
3-1: Fielders Choice at 2nd, 6-4 (Groundball, 6)
Batting: RHB Wilson Vega 0-0: Ball
1-0: Called Strike
1-1: Called Strike
1-2: Ball
2-2: Ball
3-2: 2-RUN HOME RUN (Flyball, 7LD), Distance : 359 ft
Batting: SHB Ted Striker 0-0: Swinging Strike
0-1: Called Strike
0-2: Ball
1-2: Strikes out looking
Top of the 1st over - 2 runs, 2 hits, 0 errors, 0 left on base; Calgary 2 - Bloomington 0
BOTTOM OF THE 1ST
Bloomington Longnecks batting - Pitching for Calgary Lynx : RHP Lorenzo Díaz
Pitching: RHP Lorenzo Díaz
Batting: RHB Javier De Jesús 0-0: Called Strike
0-1: Ball
1-1: Foul Ball, location: 2F
1-2: Ground out 5-3 (Groundball, 5L)
Batting: RHB Bubba Blevins 0-0: Ball
1-0: Swinging Strike
1-1: Ball
2-1: Foul Ball, location: 2F
2-2: Strikes out swinging
Batting: LHB Calvin Wilms 0-0: Ball
1-0: Foul Ball, location: 2F
1-1: Foul Ball, location: 2F
1-2: Ball
2-2: Ball
3-2: Strikes out swinging
Bottom of the 1st over - 0 runs, 0 hits, 0 errors, 0 left on base; Calgary 2 - Bloomington 0
TOP OF THE 2ND
Calgary Lynx batting - Pitching for Bloomington Longnecks : RHP Nassim El-Badwi
Batting: RHB Ángelo Delgado 0-0: Called Strike
0-1: Ball
1-1: Ground out 3-1 (Groundball, 34)
Batting: LHB Juan Aranda 0-0: Called Strike
0-1: Ball
1-1: Ball
2-1: Ball
3-1: Foul Ball, location: 2F
3-2: Base on Balls
Batting: RHB Jing-sheng Joo 0-0: Called Strike
0-1: Ball
1-1: Foul Ball, location: 2F
1-2: Foul Ball, location: 2F
1-2: Strikes out swinging
Batting: RHB José de la Cavallería 0-0: Called Strike
0-1: Ball
1-1: Ground out 6-3 (Groundball, 6S)
Top of the 2nd over - 0 runs, 0 hits, 0 errors, 1 left on base; Calgary 2 - Bloomington 0
BOTTOM OF THE 2ND
Bloomington Longnecks batting - Pitching for Calgary Lynx : RHP Lorenzo Díaz
Batting: RHB Martín Martínez 0-0: Called Strike
0-1: Swinging Strike
0-2: Foul Ball, location: 2F
0-2: Strikes out swinging
Batting: RHB Carlos Cardona 0-0: Ball
1-0: Ball
2-0: Ball
3-0: Called Strike
3-1: Base on Balls
Batting: LHB Marshall Willis 0-0: Foul Ball, location: 2F
0-1: Fielders Choice at 2nd, 3-6 (Groundball, 34)
Batting: RHB Toussiant L'Ouverture 0-0: Ball
1-0: Called Strike
1-1: Ball
2-1: Ball
3-1: Called Strike
3-2: Foul Ball, location: 2F
3-2: Base on Balls
Marshall Willis to second
Batting: RHB Chet Hollis 0-0: Called Strike
0-1: Foul Ball, location: 2F
0-2: Ball
1-2: Fly out, F7 (Flyball, 7LSF)
Bottom of the 2nd over - 0 runs, 0 hits, 0 errors, 2 left on base; Calgary 2 - Bloomington 0
TOP OF THE 3RD
Calgary Lynx batting - Pitching for Bloomington Longnecks : RHP Nassim El-Badwi
Batting: RHB Dhyana Snigdha 0-0: Ball
1-0: Swinging Strike
1-1: Ball
2-1: Ground out 6-3 (Groundball, 6)
Batting: LHB Daniel García 0-0: Foul Ball, location: 2F
0-1: Fly out, F9 (Line Drive, 89S)
Batting: LHB Michael Ward 0-0: SINGLE (Groundball, 6MD)
Batting: RHB Wilson Vega 0-0: Ball
1-0: Called Strike
1-1: Ball
2-1: Foul Ball, location: 2F
2-2: Strikes out looking
Top of the 3rd over - 0 runs, 1 hit, 0 errors, 1 left on base; Calgary 2 - Bloomington 0
BOTTOM OF THE 3RD
Bloomington Longnecks batting - Pitching for Calgary Lynx : RHP Lorenzo Díaz
Batting: RHB Frank Crocker 0-0: Called Strike
0-1: DOUBLE (Line Drive, 78XD)
Batting: RHB Javier De Jesús 0-0: Called Strike
0-1: Ball
1-1: Ball
2-1: Called Strike
2-2: Foul Ball, location: 2F
2-2: Ground out 5-3 (Groundball, 56)
Batting: RHB Bubba Blevins 0-0: Called Strike
0-1: Foul Ball, location: 2F
0-2: Ball
1-2: Ball
2-2: Ground out 6-3 (Groundball, 6S)
Frank Crocker to third
Batting: LHB Calvin Wilms 0-0: Ball
1-0: Ball
2-0: SINGLE (Groundball, 4MD)
Frank Crocker scores
Batting: RHB Martín Martínez 0-0: Foul Ball, location: 2F
0-1: Called Strike
0-2: Strikes out swinging
Bottom of the 3rd over - 1 run, 2 hits, 0 errors, 1 left on base; Calgary 2 - Bloomington 1
TOP OF THE 4TH
Calgary Lynx batting - Pitching for Bloomington Longnecks : RHP Nassim El-Badwi
Batting: SHB Ted Striker 0-0: Called Strike
0-1: Foul Ball, location: 2F
0-2: Foul Ball, location: 2F
0-2: DOUBLE (Line Drive, 89XD)
Batting: RHB Ángelo Delgado 0-0: Called Strike
0-1: Foul Ball, location: 2F
0-2: SINGLE (Line Drive, 6MD)
Ted Striker to third
Batting: LHB Juan Aranda 0-0: Called Strike
0-1: Foul Ball, location: 2F
0-2: Ball
1-2: Ball
2-2: Ground out 4-3 (Groundball, 4MS)
Ted Striker scores
Ángelo Delgado to second
Batting: RHB Jing-sheng Joo 0-0: Ball
1-0: Swinging Strike
1-1: Foul Ball, location: 2F
1-2: Strikes out swinging
Batting: RHB José de la Cavallería 0-0: Ball
1-0: Called Strike
1-1: Foul Ball, location: 2F
1-2: Foul Ball, location: 2F
1-2: Ball
2-2: Strikes out swinging
Top of the 4th over - 1 run, 2 hits, 0 errors, 1 left on base; Calgary 3 - Bloomington 1
BOTTOM OF THE 4TH
Bloomington Longnecks batting - Pitching for Calgary Lynx : RHP Lorenzo Díaz
Batting: RHB Carlos Cardona 0-0: Called Strike
0-1: SINGLE (Groundball, 34D)
Batting: LHB Marshall Willis 0-0: Foul Ball, location: 2F
0-1: Called Strike
0-2: Ball
1-2: Ball
2-2: Strikes out looking
Batting: RHB Toussiant L'Ouverture 0-0: Called Strike
0-1: Ball
1-1: Called Strike
1-2: Strikes out swinging
Batting: RHB Chet Hollis 0-0: Ball
1-0: Swinging Strike
1-1: Foul Ball, location: 2F
1-2: Ground out 4-3 (Groundball, 4)
Bottom of the 4th over - 0 runs, 1 hit, 0 errors, 1 left on base; Calgary 3 - Bloomington 1
TOP OF THE 5TH
Calgary Lynx batting - Pitching for Bloomington Longnecks : RHP Nassim El-Badwi
Batting: RHB Dhyana Snigdha 0-0: Ball
1-0: Ball
2-0: Single, Error in OF, E9, batter to second base
Batting: LHB Daniel García 0-0: SINGLE (Flyball, 89S)
Dhyana Snigdha to third
Runner from 3rd tries for Home, SAFE, no throw
Batting: LHB Michael Ward 0-0: Fielders Choice at 2nd, 1-6 (Groundball, P)
Batting: RHB Wilson Vega 0-0: Called Strike
0-1: Ball
Michael Ward is caught stealing 2nd base
1-1: Ball
2-1: Swinging Strike
2-2: Ball
3-2: Foul Ball, location: 2F
3-2: Strikes out swinging
Top of the 5th over - 1 run, 2 hits, 1 error, 0 left on base; Calgary 4 - Bloomington 1
BOTTOM OF THE 5TH
Bloomington Longnecks batting - Pitching for Calgary Lynx : RHP Lorenzo Díaz
Batting: RHB Frank Crocker 0-0: SOLO HOME RUN (Line Drive, 9LD), Distance : 353 ft
Batting: RHB Javier De Jesús 0-0: SOLO HOME RUN (Flyball, 7LD), Distance : 347 ft
Batting: RHB Bubba Blevins 0-0: Ball
1-0: SINGLE (Groundball, 34D)
Batting: LHB Calvin Wilms 0-0: Ball
1-0: Swinging Strike
1-1: Foul Ball, location: 2F
1-2: Grounds into double play, 4-6-3 (Groundball, 34)
Batting: RHB Martín Martínez 0-0: Called Strike
0-1: Ground out 5-3 (Groundball, 56)
Bottom of the 5th over - 2 runs, 3 hits, 0 errors, 0 left on base; Calgary 4 - Bloomington 3
TOP OF THE 6TH
Calgary Lynx batting - Pitching for Bloomington Longnecks : RHP Nassim El-Badwi
Batting: SHB Ted Striker 0-0: Ball
1-0: Called Strike
1-1: Foul Ball, location: 2F
1-2: Ground out 4-3 (Groundball, 4)
Batting: RHB Ángelo Delgado 0-0: Ball
1-0: Ground out 5-3 (Groundball, 5)
Pitching: LHP Jesús Medina
Batting: LHB Juan Aranda 0-0: Fly out, F4 (Flyball, 34D)
Top of the 6th over - 0 runs, 0 hits, 0 errors, 0 left on base; Calgary 4 - Bloomington 3
BOTTOM OF THE 6TH
Bloomington Longnecks batting - Pitching for Calgary Lynx : RHP Lorenzo Díaz
Batting: RHB Carlos Cardona 0-0: Ball
1-0: Ball
2-0: Foul Ball, location: 2F
2-1: Fly out, F8 (Flyball, 8RS)
Batting: LHB Marshall Willis 0-0: Foul Ball, location: 2F
0-1: Ball
1-1: Foul Ball, location: 2F
1-2: Strikes out swinging
Batting: RHB Toussiant L'Ouverture 0-0: Called Strike
0-1: Called Strike
0-2: Strikes out looking
Bottom of the 6th over - 0 runs, 0 hits, 0 errors, 0 left on base; Calgary 4 - Bloomington 3
TOP OF THE 7TH
Calgary Lynx batting - Pitching for Bloomington Longnecks : LHP Jesús Medina
Batting: RHB Jing-sheng Joo 0-0: Ball
1-0: Called Strike
1-1: Foul Ball, location: 2F
1-2: Foul Ball, location: 2F
1-2: Ground out 4-3 (Groundball, 4)
Batting: RHB José de la Cavallería 0-0: Ground out U3 (Groundball, 3S)
Batting: RHB Dhyana Snigdha 0-0: Foul Ball, location: 2F
0-1: Ground out 5-3 (Groundball, 5)
Top of the 7th over - 0 runs, 0 hits, 0 errors, 0 left on base; Calgary 4 - Bloomington 3
BOTTOM OF THE 7TH
Bloomington Longnecks batting - Pitching for Calgary Lynx : RHP Lorenzo Díaz
Batting: RHB Chet Hollis 0-0: Ball
1-0: Called Strike
1-1: Ground out U3 (Groundball, 34)
Batting: RHB Frank Crocker 0-0: Called Strike
0-1: Ball
1-1: Swinging Strike
1-2: Fly out, F8 (Flyball, 8LD)
Batting: RHB Javier De Jesús 0-0: Called Strike
0-1: Called Strike
0-2: Ball
1-2: Ball
2-2: Fly out, F8 (Flyball, 8LM)
Bottom of the 7th over - 0 runs, 0 hits, 0 errors, 0 left on base; Calgary 4 - Bloomington 3
TOP OF THE 8TH
Calgary Lynx batting - Pitching for Bloomington Longnecks : LHP Jesús Medina
Batting: LHB Daniel García 0-0: Ball
1-0: Called Strike
1-1: Swinging Strike
1-2: DOUBLE (Groundball, 3L)
Batting: LHB Michael Ward 0-0: Ball
1-0: Called Strike
1-1: Ball
2-1: Fly out, F5 (Line Drive, 5S)
Batting: RHB Wilson Vega 0-0: Intentional Walk
Batting: SHB Ted Striker 0-0: Ball
1-0: Fielders Choice at 2nd, 3-6 (Groundball, 34)
Daniel García to third
Batting: RHB Ángelo Delgado 0-0: Swinging Strike
0-1: Ball
1-1: Ball
2-1: Foul Ball, location: 2F
2-2: Strikes out swinging
Top of the 8th over - 0 runs, 1 hit, 0 errors, 2 left on base; Calgary 4 - Bloomington 3
BOTTOM OF THE 8TH
Bloomington Longnecks batting - Pitching for Calgary Lynx : RHP Lorenzo Díaz
Pitching: RHP Wai-ho Fan
Now at C: Ieyoshi Yamamoto
Batting: RHB Bubba Blevins 0-0: Ground out 4-3 (Groundball, 34)
Batting: LHB Calvin Wilms 0-0: Ball
1-0: SINGLE (Groundball, 4MD)
Batting: RHB Martín Martínez 0-0: Swinging Strike
0-1: Called Strike
0-2: Ball
1-2: Ball
2-2: Foul Ball, location: 2F
2-2: Foul Ball, location: 2F
2-2: Strikes out swinging
Batting: RHB Carlos Cardona 0-0: Foul Ball, location: 2F
0-1: Ground out 4-3 (Groundball, 4)
Bottom of the 8th over - 0 runs, 1 hit, 0 errors, 1 left on base; Calgary 4 - Bloomington 3
TOP OF THE 9TH
Calgary Lynx batting - Pitching for Bloomington Longnecks : LHP Jesús Medina
Batting: LHB Juan Aranda 0-0: Ball
1-0: Called Strike
1-1: Ball
2-1: Swinging Strike
2-2: Foul Ball, location: 2F
2-2: Reaches on Catchers interference
Batting: RHB Jing-sheng Joo 0-0: Grounds into double play, 4-6-3 (Groundball, 4)
Batting: RHB José de la Cavallería 0-0: Called Strike
0-1: Swinging Strike
0-2: Ball
1-2: Strikes out swinging
Top of the 9th over - 0 runs, 0 hits, 1 error, 0 left on base; Calgary 4 - Bloomington 3
BOTTOM OF THE 9TH
Bloomington Longnecks batting - Pitching for Calgary Lynx : RHP Wai-ho Fan
Batting: LHB Marshall Willis 0-0: Ground out 6-3 (Groundball, 6D)
Batting: RHB Toussiant L'Ouverture 0-0: Called Strike
0-1: Ball
1-1: Foul Ball, location: 2F
1-2: Ball
2-2: Ball
3-2: Ground out 6-3 (Groundball, 6M)
Batting: RHB Chet Hollis 0-0: Ball
1-0: Called Strike
1-1: Foul Ball, location: 2F
1-2: Ball
2-2: Ball
3-2: Strikes out looking
Bottom of the 9th over - 0 runs, 0 hits, 0 errors, 0 left on base; Calgary 4 - Bloomington 3
Wednesday, September 19th, 2018 - OOTP Baseball 18.8 Build 76